 Dungeon Crawl Stone Soup version 0.29-a0-284-gf9362112df (webtiles) character file.

Game seed: 2373914095877637916

4 Gorgormcgor the Magician (level 1, 0/11 HPs)
             Began as a Deep Elf Hedge Wizard on Mar 18, 2022.
             Slain by a kobold
             ... wielding a +0 dagger
              (4 damage)
             ... on level 1 of the Dungeon.
             The game lasted 00:02:32 (226 turns).

Gorgormcgor the Magician (Deep Elf Hedge Wizard)     Turns: 226, Time: 00:02:33

Health: 0/11       AC:  2    Str:  7    XL:     1   Next: 58%
Magic:  0/7        EV: 12    Int: 18    God:
Gold:   9          SH:  0    Dex: 14    Spells: 7/8 levels left

rFire   . . .      SeeInvis .   a - +0 dagger
rCold   . . .      Faith    .   (no shield)
rNeg    . . .      Spirit   .   b - +0 robe
rPois   .          Reflect  .   c - +0 hat
rElec   .          Harm     .   (no cloak)
rCorr   .          Rampage  .   (no gloves)
Will    .....                   (no boots)
Stlth   ++........              (no amulet)
HPRegen 0.03/turn               (no ring)
MPRegen 0.10/turn               (no ring)

@: no status effects
A: no striking features
a: no special abilities


You were on level 1 of the Dungeon.
You visited 1 branch of the dungeon, and saw 1 of its levels.

You collected 9 gold pieces.

Inventory:

Hand Weapons
 a - a +0 dagger (weapon)
Armour
 b - a +0 robe (worn)
 c - a +0 hat (worn)
Scrolls
 f - a scroll of enchant weapon {unknown}
Potions
 d - a potion of magic
 e - a potion of brilliance {unknown}


   Skills:
 * Level 0.5 Fighting
 + Level 0.3 Short Blades
 - Level 2.4 Dodging
 - Level 2.4 Stealth
 - Level 4.4 Spellcasting
 + Level 1.3 Conjurations
 - Level 1.1 Summonings
 - Level 1.1 Translocations


You had 7 spell levels left.
You knew the following spells:

 Your Spells              Type           Power      Damage    Failure   Level
a - Magic Dart            Conj           32%        1d4       9%          1

Your spell library contained the following spells:

 Spells                   Type           Power      Damage    Failure   Level
 Slow                     Hex            12%        N/A       14%         1
 Blink                    Tloc           14%        N/A       14%         2
 Call Imp                 Summ           7%         N/A       14%         2
 Conjure Flame            Conj/Fire      6%         6-21      32%         3
 Mephitic Cloud           Conj/Pois/Air  5%         N/A       34%         3


Dungeon Overview and Level Annotations

Branches:
Dungeon (1/15)

Altars:


Message History

Confirm with . or Enter, or press ? or * to list all spells.
Aiming: Magic Dart (safe; 9% risk of failure)
Press: ? - help, Shift-Dir - straight line, f/p - kobold
Aim: a kobold, wielding a +0 dagger and quivering stones (100% to hit)
The magic dart hits the kobold.
The kobold is heavily wounded.
Casting: Magic Dart (safe; 9% risk of failure)
Confirm with . or Enter, or press ? or * to list all spells.
Aiming: Magic Dart (safe; 9% risk of failure)
Press: ? - help, Shift-Dir - straight line, f/p - kobold
Aim: a kobold, wielding a +0 dagger and quivering stones (heavily wounded, 100% to hit)
The magic dart hits the kobold.
You kill the kobold!
Things that are here:
a +0 dagger; 2 stones
Things that are here:
a +0 short sword; 3 stones Your magical contamination has completely faded away.
Things that are here:
a +0 dagger; 2 stones A kobold comes into view.
It is wielding a +0 dagger.
You hit the kobold but do no damage. The kobold hits you with a +0 dagger.
Casting: Magic Dart (safe; 9% risk of failure)
Confirm with . or Enter, or press ? or * to list all spells.
Aiming: Magic Dart (safe; 9% risk of failure)
Press: ? - help, Shift-Dir - straight line, f - kobold
Aim: a kobold, wielding a +0 dagger (100% to hit)
The magic dart hits the kobold.
The kobold is moderately wounded.
The kobold hits you but does no damage.
Casting: Magic Dart (safe; 9% risk of failure)
Confirm with . or Enter, or press ? or * to list all spells.
Aiming: Magic Dart (safe; 9% risk of failure)
Press: ? - help, Shift-Dir - straight line, f/p - kobold
Aim: a kobold, wielding a +0 dagger (moderately wounded, 100% to hit)
The magic dart hits the kobold.
The kobold is severely wounded.
The kobold hits you with a +0 dagger. The kobold attacks as you move away!
The kobold hits you with a +0 dagger.
You die...

##. ### ..# #.. ... ..#
#.# #.# #.# # ##.##
##.#.#### ... #.).....#
#K# #)#####.## #@####.#
#..# #......# #..#
##.....##.##.# #..#
##.......#..#.#####..# #
#....................####
+.....#####+#####........
...
#.....#PPP#.#PPP#.##.####
#.. #....#P⌠P#.#P⌠P#.##.#
# #.#
#...#PPP#.#PPP#....# #


You could see a kobold.

Vanquished Creatures
  An endoplasm (D:1)
  A giant cockroach (D:1)
  2 kobolds (D:1)
4 creatures vanquished.

Notes
Turn   | Place    | Note
-------+----------+-------------------------------------------
     0 | D:1      | Gorgormcgor the Deep Elf Hedge Wizard began the quest for
                  | the Orb.
     0 | D:1      | Reached XP level 1. HP: 10/10 MP: 7/7
   226 | D:1      | Slain by a kobold

Illustrated notes

Levels and vault maps discovered:
D:1:      beargit_arrival_greenhouse, layout_loops_corners,
          dreamdust_ecumenical_altar_angels_and_demons,
          minmay_misc_feat_ornament

Action                   || total
-------------------------++-------
Melee: Dagger            ||    12
 Cast: Magic Dart        ||    15
Armor: Robe              ||     3
Dodge: Dodged            ||    10

Table legend: (Time is in decaauts)
 A = Elapsed time spent in this place.
 B = Non-inter-level travel time spent in this place.
 C = Inter-level travel time spent in this place.
 D = Time resting spent in this place.
 E = Time spent auto-exploring this place.
 F = Levels seen in this place.
 G = Mean time per level.
                   A        B        C        D        E       F      G
               +--------+--------+--------+--------+--------+-----+--------+
         Total |    226 |    226 |      0 |     43 |     75 |   1 |  226.0 |
       Dungeon |    226 |    226 |      0 |     43 |     75 |   1 |  226.0 |
               +--------+--------+--------+--------+--------+-----+--------+

Top non-repeatable levels by time:
     D:1: 226 daAuts
